 Dungeon Crawl Stone Soup version 0.31-a0-431-g88bdf31460 (webtiles) character file.

Game seed: 2316271023034230446

6010 Flugkiller the Martial Artist (level 10, -8/60 HPs)
             Began as a Deep Elf Shapeshifter on July 31, 2023.
             Was a Believer of Wu Jian.
             Mangled by a komodo dragon (12 damage)
             ... on level 7 of the Dungeon.
             The game lasted 00:13:52 (7441 turns).

Flugkiller the Martial Artist (DESh)                Turns: 7441, Time: 00:13:52

Health: -8/60      AC: 14    Str: 10    XL:     10   Next: 56%
Magic:  12/12      EV:  7    Int: 17    God:    Wu Jian [**....]
Gold:   425        SH:  0    Dex: 22    Spells: 9/9 levels left

rFire   . .          .
                       - Unarmed
rCold   + . .        (no shield)
rNeg    . . .        y - +4 plate armour {rC+}
rPois   .            (helmet currently unavailable)
rElec   .            (cloak currently unavailable)
rCorr   .            (gloves currently unavailable)
SInv    .            (boots currently unavailable)
Will    +....        e - amulet of regeneration Stlth
                     v - +5 ring of evasion
HPRegen 1.10/turn    (no ring)
MPRegen 0.13/turn

%: no passive effects
@: beast-form, studying Polearms
A: beast (slay +5), agile 1, clever 1
a: Begin Untransformation, Renounce Religion, Wall Jump


You were on level 7 of the Dungeon.
You worshipped Wu Jian.
Wu Jian was pleased with you.
You were a hulking beast.
You visited 2 branches of the dungeon, and saw 10 of its levels.
You also visited: Sewer and Ossuary.

You collected 425 gold pieces.

Inventory:

Missiles
 u - 9 poisoned darts
Armour
 k - the +1 leather armour "Eliang" {rC+ Str-3 Stlth+}
   (You found it on level 3 of the Dungeon)

   Str:       It affects your strength (-3).
   rC:        It protects you from cold.
   Stlth:     It makes you more stealthy.
 l - a +0 troll leather armour
   (You found it on level 7 of the Dungeon)
 p - a +2 pair of gloves
   (You found it on level 7 of the Dungeon)
 q - a +0 helmet
   (You found it on level 6 of the Dungeon)
 s - a +0 cloak
   (You found it on level 3 of the Dungeon)
 y - a +4 plate armour of cold resistance (worn)
   (You found it on level 7 of the Dungeon)
Jewellery
 e - an amulet of regeneration (around neck)
   (You found it on level 1 of the Dungeon)
 v - a +5 ring of evasion (left hand)
   (You found it on level 3 of the Dungeon)
Talismans
 c - a beast talisman (active)
Wands
 b - a wand of iceblast (5)
   (You took it off a kobold brigand on level 7 of the Dungeon)
 m - a wand of charming (3)
   (You found it on level 3 of the Dungeon)
Scrolls
 a - 2 scrolls of fear
 f - 5 scrolls of revelation
 g - a scroll of enchant weapon {unknown}
 h - a scroll of enchant armour
 o - a scroll of poison
 r - a scroll of vulnerability {unknown}
 t - 2 scrolls of teleportation
 z - a scroll of blinking
 A - 2 scrolls of fog
 C - a scroll of immolation {unknown}
Potions
 d - a potion of might
 i - a potion of mutation
 j - a potion of ambrosia {unknown}
 n - 2 potions of resistance
 w - a potion of heal wounds
 B - 2 potions of invisibility {unknown}
 D - 3 potions of magic
Miscellaneous
 x - a tin of tremorstones (inert)
   (You found it on level 7 of the Dungeon)


   Skills:
 - Level 6.0 Fighting
 - Level 6.0 Dodging
 + Level 9.2 Unarmed Combat
 - Level 3.0 Evocations
 + Level 8.2 Shapeshifting


You had 9 spell levels left.
You didn't know any spells.
Your spell library contained the following spells:

 Spells                   Type           Power      Damage    Failure   Level
 Apportation              Tloc           0%         N/A       100%        1
 Necrotise                Necr           0%         1d4       100%        1
 Summon Small Mammal      Summ           0%         N/A       100%        1
 Blink                    Tloc           0%         N/A       100%        2
 Lesser Beckoning         Tloc           0%         N/A       100%        2
 Momentum Strike          Conj/Tloc      0%         3d8       100%        2
 Dazzling Flash           Conj/Hex       0%         N/A       100%        3
 Ozocubu's Armour         Ice            0%         N/A       100%        3
 Stone Arrow              Conj/Erth      0%         3d7       100%        3
 Vampiric Draining        Necr           0%         2d6       100%        3
 Animate Armour           Summ/Erth      0%         N/A       100%        4
 Leda's Liquefaction      Hex/Erth       0%         N/A       100%        4
 Agony                    Necr           0%         N/A       100%        5
 Lee's Rapid Deconstruct  Erth           0%         3d4*      100%        5
 Silence                  Hex/Air        0%         N/A       100%        5
 Leda's Unmaking          Conj/Erth      0%         9d1       100%        6
 Ozocubu's Refrigeration  Ice            0%         4d7       100%        7
 Lehudib's Crystal Spear  Conj/Erth      0%         10d2      100%        8


Dungeon Overview and Level Annotations

Branches:
Dungeon (9/15) Zot: 26598  Temple (1/1) D:6 Zot: 5985   Sewer (visited)
Ossuary (visited)
   Lair: D:8-11         Orc: D:9-12

Altars:
Ashenzari
Cheibriados
Dithmenos
Elyvilon
Fedhas
Gozag
Hepliaklqana
Kikubaaqudgha
Makhleb
Nemelex Xobeh
Okawaru
Qazlal
Ru
Sif Muna
Trog
Uskayaw
Vehumet
Wu Jian
Xom
Yredelemnul
Zin
The Shining One

Shops:
D:4 :   D:5 =

Annotations:
D:6 1 runed translucent door, Sphara's ghost, novice OpRe


Innate Abilities, Weirdness & Mutations

You are a hulking beast.
Your limbs bulge with bestial killing power. (Slay +5)
You are agile. (Dex +4, Str/Int -1)
Your mind is acute. (Int +4, Str/Dex -1)


Message History

The slime creature closely misses you.
You pummel the slime creature!!
The slime creature is heavily wounded.
The slime creature hits you but does no damage.
You punch the slime creature!
The slime creature is severely wounded.
The slime creature hits you!
You punch the slime creature! Your punch misses the slime creature.
The slime creature is almost dead.
The slime creature misses you.
You punch the slime creature!
You kill the slime creature!
The Council accepts your kill.
Your Shapeshifting skill increases to level 8!
No target in view!
HP restored.
Found a club.
You pick up a manual of Polearms and begin studying.
x - a tin of tremorstones (2/2)
Found a glowing great sword and a scroll of noise.
You see here a +0 flail of draining.
Found a book of the Earth.
You see here a +4 plate armour of cold resistance.
y - a +4 plate armour of cold resistance You pick up a book of the Earth and begin reading...
You add the spells Leda's Liquefaction, Lee's Rapid Deconstruction and Leda's Unmaking to your library.
You see here a staff of cold.
You start removing your armour.
You continue taking off your +0 troll leather armour. x2
Keep disrobing?
You stop removing your armour.
You start removing your armour.
You continue taking off your +0 troll leather armour. x4
You finish taking off your +0 troll leather armour.
You start putting on your armour.
You continue putting on your +4 plate armour of cold resistance. x5
You finish putting on your +4 plate armour of cold resistance.
You feel resistant to cold.
Unknown command.
You see here a +0 flail of draining.
You see here a +2 antimagic great sword.
You see here a scroll of noise.
A hornet is nearby!
Okay, then.
The hornet buzzes angrily.
The tremorstone explodes into fragments!
The burst of rock shards engulfs the hornet!!
The burst of rock shards engulfs the hornet!
Okay, then.
You punch the hornet!
You kill the hornet!
The Council accepts your kill.
No target in view!
w - a potion of heal wounds;
D - 3 potions of magic The jelly quivers.
You punch the jelly!
Your hands burn!
The jelly is almost dead.
The jelly hits you but does no damage.
You punch the jelly!
You kill the jelly!
The Council accepts your kill.
No target in view!
An iguana comes into view.
The iguana hisses angrily.
You hear an angry hiss.
An iguana is nearby!
The komodo dragon hisses angrily.
You lunge at the iguana.
You punch the iguana!
The iguana is moderately wounded.
The iguana closely misses you.
You punch the iguana!
You kill the iguana!
The Council accepts your kill.
You lunge at the komodo dragon.
You punch the komodo dragon!
The komodo dragon is moderately wounded.
The komodo dragon bites you!!
Aiming: Iceblast
Press: ? - help, Shift-Dir - straight line The mass of ice explodes!
The iceblast engulfs the komodo dragon!
The komodo dragon is moderately wounded.
The komodo dragon bites you!
Aiming: Iceblast
Press: ? - help, Shift-Dir - straight line The mass of ice explodes!
The iceblast engulfs the komodo dragon!
The komodo dragon is heavily wounded.
The komodo dragon hisses menacingly.
The komodo dragon bites you!
Aiming: Iceblast
Press: ? - help, Shift-Dir - straight line The mass of ice explodes!
The iceblast engulfs the komodo dragon.
The komodo dragon is severely wounded.
The komodo dragon bites you.
You hit the komodo dragon.
The komodo dragon is severely wounded.
The komodo dragon bites you!!
* * * LOW HITPOINT WARNING * * *
The tremorstone explodes into fragments!
The burst of rock shards engulfs the komodo dragon!
The burst of rock shards engulfs you but does no damage.
The tin is emptied!
The komodo dragon bites you!
You die...

##...##..##........# #..#[#
.##.##..##..#.#.##.# #..#.#
..###.###...#......# #.....
..........#.######.# ##.#.#
######.####.# #.#.# #.#.#
#...###.######.#.# #.#.#
#.#..............########.#.#
#...########.##.##)..†....#.#
##### #h#...#[########.#
#########l......# #.#
................########.#
#####................#.# #.#
#.............######.... ..#
#.###.........# ###K# ### #.#
##......#.# #.# #.#
##.###.#.# #.# #.# #.......#
#.#


You could see a komodo dragon.

Vanquished Creatures
  Pikel (D:7)
  A troll (D:7)
  A hornet (D:7)
  2 slime creatures (D:7)
  3 yaks (D:7)
  A wraith (D:6)
  A steam dragon (D:6)
  Menkaure (D:7)
  4 water moccasins (D:7)
  2 orc warriors (D:7)
  3 ice beasts
  3 sky beasts (D:7)
  2 black bears
  2 ogres
  A phantom (D:5)
  A lemure (D:7)
  A kobold brigand (D:7)
  A gnoll sergeant (D:5)
  8 scorpions
  3 bullfrogs
  5 wights (D:7)
  A howler monkey (D:7)
  3 centaur zombies
  2 hounds
  4 jellies
  3 gnoll boudas
  4 iguanas
  A sleepcap (D:7)
  3 orc wizards
  A killer bee zombie (D:5)
  3 mummies (Ossuary)
  20 gnolls
  15 adders
  4 river rats (Sewer)
  A shadow imp (D:7)
  5 white imps
  4 ufetubi
  2 worms
  2 dart slugs
  33 orcs
  11 endoplasms
  6 giant cockroaches
  10 goblins
  8 hobgoblins
  8 jackals
  5 quokkas
  25 ball pythons
  5 bats
  8 frilled lizards
  5 hobgoblin zombies (Ossuary)
  10 kobolds
  32 rats
291 creatures vanquished.

Vanquished Creatures (collateral kills)
  A mummy (Ossuary)
  A hobgoblin zombie (Ossuary)
2 creatures vanquished.

Vanquished Creatures (others)
  An orc warrior (D:7)
  A mummy (Ossuary)
  An orc (D:7)
3 creatures vanquished.

Grand Total: 296 creatures vanquished

Notes
Turn   | Place    | Note
-------+----------+-------------------------------------------
     0 | D:1      | Flugkiller the Deep Elf Shapeshifter began the quest for
                  | the Orb.
     0 | D:1      | Reached XP level 1. HP: 11/11 MP: 3/3
    53 | D:1      | Reached skill level 1 in Fighting
   284 | D:1      | Reached XP level 2. HP: 17/17 MP: 4/4
  1041 | D:1      | Reached XP level 3. HP: 21/21 MP: 5/5
  1361 | D:2      | Reached skill level 3 in Unarmed Combat
  1427 | D:2      | Reached XP level 4. HP: 26/26 MP: 6/6
  2488 | D:3      | Identified the +1 leather armour "Eliang" {rC+ Str-3
                  | Stlth+}
  2812 | D:4      | Reached XP level 5. HP: 30/30 MP: 7/7
  2813 | D:4      | Found a glowing drain.
  2863 | Sewer    | Entered a sewer
  2987 | Sewer    | Reached skill level 4 in Unarmed Combat
  3087 | Sewer    | Reached XP level 6. HP: 32/35 MP: 8/8
  3193 | Sewer    | Reached skill level 5 in Shapeshifting
  3204 | Sewer    | Reached skill level 5 in Unarmed Combat
  3661 | D:4      | Reached XP level 7. HP: 28/40 MP: 9/9
  3682 | D:4      | Found Bopoer's Book Boutique.
  3858 | D:5      | Entered Level 5 of the Dungeon
  3896 | D:5      | Reached skill level 1 in Evocations
  4084 | D:5      | Found Delesada's Jewellery Shoppe.
  4311 | D:5      | Reached XP level 8. HP: 25/48 MP: 10/10
  4754 | D:5      | Found a basalt altar of Yredelemnul.
  4795 | D:5      | Reached skill level 6 in Unarmed Combat
  4963 | D:6      | Gained mutation: You are agile. (Dex +4, Str/Int -1)
                  | [potion of mutation]
  4963 | D:6      | Gained mutation: Your mind is acute. (Int +4, Str/Dex -1)
                  | [potion of mutation]
  4990 | D:6      | Reached skill level 7 in Unarmed Combat
  5043 | D:6      | Found a sand-covered staircase.
  5053 | Ossuary  | Entered an ossuary
  5094 | Ossuary  | Reached skill level 5 in Dodging
  5350 | D:6      | Reached XP level 9. HP: 52/52 MP: 11/11
  5452 | D:6      | Reached skill level 5 in Fighting
  5487 | D:6      | Found a staircase to the Ecumenical Temple.
  5578 | D:6      | Found a runed translucent door.
  5578 | D:6      | Noticed Sphara's ghost (novice OpRe)
  5626 | Temple   | Entered the Ecumenical Temple
  5633 | Temple   | Became a worshipper of the Wu Jian Council
  5759 | D:7      | Paralysed by a hornet for 2 turns
  5767 | D:7      | Noticed a komodo dragon
  6145 | D:7      | Noticed Pikel
  6217 | D:7      | Killed Pikel
  6218 | D:7      | Reached skill level 8 in Unarmed Combat
  6231 | D:7      | Reached * piety under Wu Jian
  6398 | D:7      | Reached XP level 10. HP: 60/60 MP: 12/12
  6782 | D:7      | Noticed Menkaure
  6794 | D:7      | Killed Menkaure
  6974 | D:7      | You fall into a shaft and drop 2 floors!
  6977 | D:9      | Found a shimmering altar of Xom.
  6977 | D:9      | Found an opulent altar of Gozag.
  7055 | D:7      | Reached ** piety under Wu Jian
  7262 | D:7      | Reached skill level 9 in Unarmed Combat
  7440 | D:7      | HP: 3/60 [komodo dragon (21)]
  7441 | D:7      | Mangled by a komodo dragon

Illustrated notes

Levels and vault maps discovered:
D:1:      lemuel_arrival_room, layout_basic, minmay_misc_feat_columns,
          corexii_corridor_pit, kennysheep_nondescript
D:2:      layout_loops_ring, wander_ebering_terrifying_dragon_lair
D:3:      layout_loops_ring
D:4:      layout_basic, serial_shops, nicolae_shop_peninsula,
          gup_sewer_entry_glass, mrwooster_statue_mirror, minmay_misc_feat_cross
D:5:      layout_cave_pools, lemuel_zombie_altar_yredelemnul, serial_gnoll_camp,
          gnoll_camp_mini_sergeant, gnoll_camp_mini_hut, gnoll_camp_mini_shop,
          gnoll_camp_mini_hut, roderic_lattice_a
D:6:      layout_rooms, minmay_temple_entry_glassed_door, gammafunk_ghost_grave,
          nicolae_ossuary_entry_monument, chequers_hall_statues_corner_a
D:7:      minmay_the_grid_octo_tiled_squarecenter [minmay_the_grid_octo_focus,
          minmay_the_grid_octo_fan_narrow, minmay_the_grid_octo_toaster,
          minmay_the_grid_octo_77, minmay_the_grid_square_5x5_megaprize_diamond,
          minmay_the_grid_square_5x5_tetrominoes,
          minmay_the_grid_square_5x5_inner_i,
          minmay_the_grid_square_5x5_two_walls_a,
          minmay_the_grid_square_5x5_spiral_small], layout_loops_ring,
          uniq_pikel, uniq_menkaure
D:8:      layout_basic
D:9:      layout_long_grid, mainiacjoe_overflow_catwalk_spiral,
          hangedman_minor_magic, uniq_harold
Temple:   compressed_dpeg_triangle_lava_temple

Skill      XL: |  1  2  3  4  5  6  7  8  9 10 |
---------------+-------------------------------+-----
Fighting       | 1 2 4 6 |  6.0
Unarmed Combat | 3 4 5 7 8 9 |  9.2
Shapeshifting  | 4 5 6 8 |  8.2
Dodging        | 3 4 6 |  6.0
Evocations     | 3 |  3.0

Action                     |  1- 3 |  4- 6 |  7- 9 | 10-12 || total
---------------------------+-------+-------+-------+-------++-------
  Melee: Unarmed           |   117 |   330 |   519 |   117 ||  1083
         Punch             |     3 |     6 |    34 |     7 ||    50
  Throw: Dart              |       |       |       |     6 ||     6
Ability: Lunge             |       |       |     9 |     8 ||    17
         Whirlwind         |       |       |     1 |     1 ||     2
  Evoke: Wand              |       |       |     5 |     3 ||     8
         Tin of tremorston |       |       |       |     2 ||     2
    Use: Potion            |       |     5 |    10 |       ||    15
         Scroll            |       |     3 |    11 |       ||    14
   Stab: Distracted        |       |       |     1 |       ||     1
 Armour: Animal skin       |    10 |       |       |       ||    10
         Ring mail         |    16 |    81 |   107 |     5 ||   209
         Skin              |       |    85 |       |       ||    85
         Troll leather arm |       |       |       |     8 ||     8
         Plate armour      |       |       |       |     2 ||     2
  Dodge: Dodged            |    64 |   339 |   519 |    85 ||  1007

Table legend: (Time is in decaauts)
 A = Elapsed time spent in this place.
 B = Non-inter-level travel time spent in this place.
 C = Inter-level travel time spent in this place.
 D = Time resting spent in this place.
 E = Time spent auto-exploring this place.
 F = Levels seen in this place.
 G = Mean time per level.
                   A        B        C        D        E       F      G
               +--------+--------+--------+--------+--------+-----+--------+
         Total |   7378 |   7039 |    339 |    414 |   3918 |  12 |  614.8 |
       Dungeon |   6790 |   6457 |    333 |    367 |   3813 |   9 |  754.4 |
        Temple |     14 |      8 |      6 |      0 |      0 |   1 |   14.0 |
         Sewer |    418 |    418 |      0 |     26 |     62 |   1 |  418.0 |
       Ossuary |    155 |    155 |      0 |     21 |     43 |   1 |  155.0 |
               +--------+--------+--------+--------+--------+-----+--------+

Top non-repeatable levels by time:
     D:7: 1342 daAuts
     D:1: 1291 daAuts
     D:5: 1037 daAuts
     D:6: 851 daAuts
     D:2: 814 daAuts
     D:4: 688 daAuts
     D:3: 667 daAuts
   Sewer: 418 daAuts
 Ossuary: 155 daAuts
     D:9: 62 daAuts
     D:8: 35 daAuts
  Temple: 14 daAuts
